 Dungeon Crawl Stone Soup version 0.30-a0-605-gb2882149bf (webtiles) character file.

Game seed: 7693376898706469153

193 OTABOTABOTAB the Conjurer (level 5, -6/28 HPs)
             Began as a Deep Elf Conjurer on Jan 8, 2023.
             Shot with an arrow by a centaur (9 damage)
             ... on level 3 of the Dungeon.
             The game lasted 00:04:02 (3173 turns).

OTABOTABOTAB the Conjurer (Deep Elf Conjurer)       Turns: 3173, Time: 00:04:02

Health: -6/28      AC:  4    Str:  4    XL:     5   Next: 43%
Magic:  9/14       EV: 12    Int: 27    God:
Gold:   234        SH:  0    Dex: 13    Spells: 3/14 levels left

rFire   . . .      SeeInvis .    c - +2 dagger (venom)
rCold   . . .      Faith    .    (no shield)
rNeg    . . .      Spirit   .    a - +0 robe
rPois   .          Reflect  .    (no helmet)
rElec   .          Harm     .    (no cloak)
rCorr   .          Rampage  .    (no gloves)
Will    +....                    o - +1 pair of boots of Buboc {Int+2}
Stlth   ++                       (no amulet)
HPRegen 0.24/turn                W - ring of willpower
MPRegen 0.14/turn                (no ring)

@: attractive
A: no striking features
a: no special abilities


You were on level 3 of the Dungeon.
You visited 1 branch of the dungeon, and saw 3 of its levels.

You collected 234 gold pieces.

Inventory:

Hand Weapons
 c - a +2 dagger of venom (weapon)
   (You found it on level 1 of the Dungeon)
Missiles
 g - 3 javelins
 i - 3 atropa-tipped darts
 r - a throwing net {!d}
 s - 27 stones
 u - 5 poisoned darts
Armour
 a - a +0 robe (worn)
 o - the +1 pair of boots of Buboc (worn) {Int+2}
   (You found it on level 2 of the Dungeon)

   Int:       It affects your intelligence (+2).
Jewellery
 m - an amulet of guardian spirit
   (You found it on level 2 of the Dungeon)
 W - a ring of willpower (left hand)
   (You found it on level 3 of the Dungeon)
Scrolls
 b - a scroll of enchant weapon {unknown}
 d - 2 scrolls of vulnerability {unknown}
 e - 2 scrolls of fog {unknown}
 f - a scroll of acquirement {unknown}
 h - 2 scrolls of magic mapping {unknown}
 k - 2 scrolls of noise {unknown}
 l - a scroll of enchant armour {unknown}
 q - 2 scrolls of identify {unknown}
Potions
 j - a potion of brilliance {unknown}
 n - a potion of ambrosia {unknown}
 p - a potion of mutation {unknown}
 M - a potion of magic


   Skills:
 - Level 2.4 Dodging
 - Level 2.4 Stealth
 + Level 5.0 Spellcasting
 * Level 6.6 Conjurations


You had 3 spell levels left.
You knew the following spells:

 Your Spells              Type           Power      Damage    Failure   Level
a - Magic Dart            Conj           100%       1d8       1%          1
b - Searing Ray           Conj           84%        2d7       1%          2
c - Fulminant Prism       Conj/Hex       12%        3d8       19%         4
x - Iskenderun's Mystic   Conj/Tloc      24%        2d7       19%         4

Your spell library contained the following spells:

 Spells                   Type           Power      Damage    Failure   Level
 Dazzling Flash           Conj/Hex       48%        N/A       5%          3
 Petrify                  Tmut/Erth      6%         N/A       56%         4
 Metabolic Englaciation   Hex/Ice        3%         N/A       89%         5
 Statue Form              Tmut/Erth      4%         N/A       100%        6
 Malign Gateway           Summ/Tloc      3%         N/A       100%        7
 Summon Horrible Things   Summ           3%         N/A       100%        8


Dungeon Overview and Level Annotations

Branches:
Dungeon (3/15)

Altars:

Shops:
D:3 (


Message History

Ouch! That really hurt!
You take 12 damage, and have 12/24 hp.
MASSIVE DAMAGE!!
You now have 7/12 mp.
The searing ray hits the iguana!
You kill the iguana!
You have reached level 5!
You regained 2 hp, and now have 14/28 hp.
There is an open door, spattered with blood here.
There is an open door, spattered with blood here.
You open the door. 5 orcs come into view.
The orc shouts! x2; You hear an angry hiss.
The orc shouts!
You hear a shout!
The orc moves out of view.
The orc shouts!
Health restored: 28; MP restored: 14
Aim: an orc, wielding a +0 flail and wearing a +0 leather armour (82% to hit)
The searing ray hits the orc!
You kill the orc!
The searing ray misses the orc.
The searing ray hits the orc!
You kill the orc! (Press . to maintain the ray.)
You now have 12/14 mp.
The searing ray hits the orc!
You kill the orc!
You now have 11/14 mp.
The searing ray hits the orc!
You kill the orc!
You now have 10/14 mp.
You start resting.
A hobgoblin comes into view.
This spell is extremely dangerous to cast!
Memorise Fulminant Prism, consuming 4 spell levels and leaving 6?
You start memorising the spell.
You continue memorising. x4
You finish memorising.
Spell assigned to 'c'.
Aim: an orc, wielding a +0 war axe (82% to hit)
The searing ray hits the hobgoblin.
You kill the hobgoblin!
The searing ray hits the orc!
You kill the orc! (Press . to maintain the ray.)
You now have 9/14 mp.
The searing ray hits Natasha!
You now have 8/14 mp.
The searing ray hits Natasha!
The searing ray hits Natasha!
You kill Natasha!
Natasha screams in fury as she dies!
You finish channelling your searing ray.
Your Spellcasting skill increases to level 5!
You now have 7/14 mp.
This spell is extremely dangerous to cast!
Memorise Iskenderun's Mystic Blast, consuming 4 spell levels and leaving 3?
You start memorising the spell.
You continue memorising. x4
You finish memorising.
Spell assigned to 'x'.
Okay, then.
Unknown command.
Things that are here:
a +0 flail; a +0 leather armour; an orc corpse
Things that are here:
a +0 whip; an orc corpse
There is an open door here.
Things that are here:
a +0 flail; an orc corpse
Items here: )) [ ††.
You now have 223 gold pieces (gained 18).
You now have 234 gold pieces (gained 11).
You open the door.
There is an open door here.
A centaur comes into view.
MP restored: 14 You aren't carrying any items that you can evoke.
The centaur shouts!
Aim: a centaur (89% to hit)
The searing ray hits the centaur. (Press . to maintain the ray.)
The centaur wields a +0 shortbow.
The centaur shoots an arrow.
The arrow completely misses you.
You now have 12/14 mp.
The searing ray hits the centaur.
The centaur shoots an arrow.
The arrow hits you!
The centaur shoots an arrow.
The arrow hits you.
You take 15 damage, and have 13/28 hp.
MASSIVE DAMAGE!!
You now have 11/14 mp.
The searing ray hits the centaur.
The centaur shoots an arrow.
The arrow misses you.
You now have 10/14 mp.
The searing ray hits the centaur.
You finish channelling your searing ray.
The centaur shoots an arrow.
The arrow hits you!
* * * LOW HITPOINT WARNING * * *
The centaur shoots an arrow.
The arrow hits you.
* * * LOW HITPOINT WARNING * * *
You take 10 damage, and have 3/28 hp.
MASSIVE DAMAGE!!
You now have 9/14 mp.
It was a potion of attraction.
You feel attractive to monsters.
The centaur shoots an arrow.
The arrow hits you!
You die...

....# #...#'## #.##......#. ....#
#...#.# #.####.##... ....#
#...#.# #.# #..#.## ....# #...#.#
#.# #..#... ....#
##.###.#####.####....## ...###
#............##......##
.....#######'###.#######.........
..............##.# #.........
..............##@# #.........
..............##.# ####+##...
..............##.# ... ###.
..............##.####.... ##.
.................c....... ...
##....................... #.
#............##.####....
####.........##.# ... #.
#.........##.# . #.


You could see a centaur.

Vanquished Creatures
  Natasha (D:3)
  An iguana (D:3)
  2 gnolls (D:3)
  2 adders (D:3)
  4 worms
  A dart slug (D:1)
  12 orcs (D:3)
  8 bats
  7 endoplasms
  2 giant cockroaches
  6 goblins
  8 hobgoblins
  5 quokkas
  6 ball pythons
  4 frilled lizards
  2 kobolds (D:1)
  6 rats
77 creatures vanquished.

Notes
Turn   | Place    | Note
-------+----------+-------------------------------------------
     0 | D:1      | OTABOTABOTAB the Deep Elf Conjurer began the quest for the
                  | Orb.
     0 | D:1      | Reached XP level 1. HP: 10/10 MP: 6/6
    33 | D:1      | HP: 2/10 [frozen (5)]
   355 | D:1      | Reached XP level 2. HP: 15/15 MP: 5/8
   560 | D:1      | Reached skill level 5 in Conjurations
   849 | D:1      | Reached XP level 3. HP: 19/19 MP: 7/10
  1361 | D:2      | HP: 3/19 [worm (4)]
  1450 | D:2      | Learned a level 2 spell: Searing Ray
  1629 | D:2      | Reached skill level 4 in Spellcasting
  1682 | D:2      | Identified the +1 pair of boots of Buboc {Int+2}
  2007 | D:3      | Reached XP level 4. HP: 24/24 MP: 7/12
  2308 | D:3      | Reached skill level 6 in Conjurations
  2562 | D:3      | Found Sodybrun's Weapon Emporium.
  2951 | D:3      | Reached XP level 5. HP: 14/28 MP: 7/14
  3036 | D:3      | Noticed Natasha
  3040 | D:3      | Learned a level 4 spell: Fulminant Prism
  3043 | D:3      | Killed Natasha
  3044 | D:3      | Reached skill level 5 in Spellcasting
  3049 | D:3      | Learned a level 4 spell: Iskenderun's Mystic Blast
  3164 | D:3      | Noticed a centaur
  3172 | D:3      | HP: 5/28 [centaur/arrow (8)]
  3173 | D:3      | Shot with an arrow by a centaur

Illustrated notes

Levels and vault maps discovered:
D:1:      dpeg_arrival_renting, layout_loops_ring
D:2:      layout_rooms
D:3:      minmay_chambers_of_twos, layout_basic, serial_shops, shop,
          uniq_natasha

Skill      XL: |  1  2  3  4  5 |
---------------+----------------+-----
Conjurations   | 5 6 |  6.6
Spellcasting   | 4 5 |  5.0
Dodging        | |  2.4
Stealth        | |  2.4

Action                   |  1- 3 |  4- 6 || total
-------------------------+-------+-------++-------
Melee: Dagger            |     8 |     7 ||    15
       Unarmed           |     1 |       ||     1
 Cast: Magic Dart        |    87 |    38 ||   125
       Searing Ray       |     4 |     7 ||    11
  Use: Potion            |       |     1 ||     1
Armor: Robe              |     8 |     6 ||    14
Dodge: Dodged            |    15 |     9 ||    24

Table legend: (Time is in decaauts)
 A = Elapsed time spent in this place.
 B = Non-inter-level travel time spent in this place.
 C = Inter-level travel time spent in this place.
 D = Time resting spent in this place.
 E = Time spent auto-exploring this place.
 F = Levels seen in this place.
 G = Mean time per level.
                   A        B        C        D        E       F      G
               +--------+--------+--------+--------+--------+-----+--------+
         Total |   3171 |   3090 |     81 |    141 |   2616 |   3 | 1057.0 |
       Dungeon |   3171 |   3090 |     81 |    141 |   2616 |   3 | 1057.0 |
               +--------+--------+--------+--------+--------+-----+--------+

Top non-repeatable levels by time:
     D:3: 1256 daAuts
     D:1: 1212 daAuts
     D:2: 703 daAuts

Table legend:
 A = Kills in this place as a percentage of kills in entire the game.
 B = Kills by you in this place as a percentage of kills by you in the entire game.
 C = Kills by friends in this place as a percentage of kills by friends in the entire game.
 D = Other kills in this place as a percentage of other kills in the entire game.
 E = Experience gained in this place as a percentage of experience gained in the entire game.
 F = Experience gained in this place divided by the number of levels of this place that you have seen.
                   A       B       C       D       E      F
               +-------+-------+-------+-------+-------+----------------------
         Total | 100.0 | 100.0 |   N/A |   N/A | 100.0 |  92.0
       Dungeon | 100.0 | 100.0 |   N/A |   N/A | 100.0 |  92.0
               +-------+-------+-------+-------+-------+----------------------
